 Dungeon Crawl Stone Soup version 0.21-a0-110-g8e1637b (webtiles) character file.

79 Lianjan the Slinger (level 4, -5/29 HPs)
             Began as a Halfling Hunter on July 8, 2017.
             Slain by Natasha (7 damage)
             ... on level 2 of the Dungeon.
             The game lasted 00:02:40 (1268 turns).

Lianjan the Slinger (Halfling Hunter)               Turns: 1268, Time: 00:02:40

Health: -5/29      AC:  4    Str: 13    XL:     4   Next: 62%
Magic:  4/4        EV: 14    Int: 10    God:
Gold:   94         SH:  0    Dex: 14    Spells: 3/3 levels left

rFire    . . .     SeeInvis .   a - +1 hunting sling
rCold    . . .     Gourm    .   (shield restricted)
rNeg     . . .     Faith    .   c - +0 leather armour
rPois    .         Spirit   .   p - +0 helmet
rElec    .         Reflect  .   (no cloak)
rCorr    .         Harm     .   (no gloves)
MR       .....                  (no boots)
Stlth    +.........             o - amulet of magic regeneration
HPRegen  0.09/turn              (no ring)
MPRegen  0.34/turn              (no ring)

@: slowed, very slow
A: mutation resistance 1
a: no special abilities


You were on level 2 of the Dungeon.
You were not hungry.

You visited 1 branch of the dungeon, and saw 2 of its levels.

You collected 94 gold pieces.

Inventory:

Hand Weapons
 a - a +1 hunting sling (weapon)
 b - a +0 short sword
Missiles
 d - 19 sling bullets
 m - 10 stones (quivered)
Armour
 c - a +0 leather armour (worn)
 p - a +0 helmet (worn)
Jewellery
 o - an amulet of magic regeneration (around neck)
Scrolls
 i - a scroll of immolation {unknown}
 j - 2 scrolls of identify {unknown}
 l - a scroll of magic mapping {unknown}
Potions
 e - a potion of flight {unknown}
 g - 2 potions of curing {unknown}
 h - a potion of brilliance {unknown}
Comestibles
 f - 3 bread rations
 k - 6 fruits


   Skills:
 + Level 2.1 Fighting
 + Level 8.0 Slings
 - Level 2.1 Dodging
 - Level 1.1 Stealth


You had 3 spell levels left.
You didn't know any spells.

Dungeon Overview and Level Annotations

Branches:
Dungeon (2/15)

Altars:
The Shining One

Annotations:
D:2 Natasha


Innate Abilities, Weirdness & Mutations

You are small and have problems with some larger weapons.
You are somewhat resistant to further mutation.


Message History

Natasha is heavily wounded.
Natasha claws you.
* * * LOW HITPOINT WARNING * * *
Firing (i - inventory. (,) - cycle):
m - 12 stones (quivered)
Press: ? - help, Shift-Dir - straight line, f/p - Natasha
Aim: Natasha (heavily wounded)
You shoot a stone. The stone barely misses Natasha.
The stone hits the white imp.
The white imp is heavily wounded.
Natasha casts a spell at you. The magic dart hits you!
* * * LOW HITPOINT WARNING * * *
Firing (i - inventory. (,) - cycle):
m - 11 stones (quivered)
Press: ? - help, Shift-Dir - straight line, f/p - Natasha
Aim: Natasha (heavily wounded)
You shoot a stone. The stone closely misses Natasha.
The stone hits the white imp!
You kill the white imp!
Natasha claws you!
You die...

### #.# #.#
#########.#
#(h@......#
#(#######.#
## #( #.# #.
#5 #.# #. #(
#.# #. #.
#.# #. ...#
#. #.#
#####. ...#
((
#.#####...'.
...#
#.##....###.


You could see Natasha.

Vanquished Creatures
  Jessica (D:2)
  An adder (D:2)
  A worm (D:2)
  2 dart slugs
  A leopard gecko (D:2)
  2 giant cockroaches (D:1)
  9 goblins
  5 hobgoblins
  A quokka (D:2)
  A bat (D:1)
  2 frilled lizards
  4 kobolds
  5 rats
35 creatures vanquished.

Notes
Turn   | Place    | Note
-------+----------+-------------------------------------------
     0 | D:1      | Lianjan the Halfling Hunter began the quest for the Orb.
     0 | D:1      | Reached XP level 1. HP: 14/14 MP: 1/1
    47 | D:1      | Found a glowing golden altar of the Shining One.
    95 | D:1      | Reached skill level 6 in Slings
   100 | D:1      | Reached XP level 2. HP: 19/19 MP: 2/2
   310 | D:1      | Reached skill level 7 in Slings
   310 | D:1      | Reached XP level 3. HP: 24/24 MP: 3/3
   760 | D:2      | Noticed Jessica
   775 | D:2      | Killed Jessica
   775 | D:2      | Reached XP level 4. HP: 29/29 MP: 4/4
   913 | D:2      | Reached skill level 8 in Slings
  1251 | D:2      | Noticed Natasha
  1268 | D:2      | Slain by Natasha

Vault maps used:
D:1:      dpeg_arrival_lava_temple_mockup, grunt_decor_cap, tso_metal_star
D:2:      kennysheep_six_static_rooms, first_bread, kennysheep_boxes,
          uniq_natasha, uniq_jessica

Skill      XL: |  1  2  3  4 |
---------------+-------------+-----
Slings         | 6 7 8 |  8.0
Fighting       | 2 |  2.1
Dodging        | |  2.1
Stealth        | |  1.1

Action                   |  1- 3 |  4- 6 || total
-------------------------+-------+-------++-------
Melee: Short sword       |       |     3 ||     3
 Fire: Hunting sling     |    76 |    50 ||   126
  Eat: Chunk             |       |     1 ||     1
Armor: Leather armour    |     2 |     1 ||     3
Dodge: Dodged            |     2 |     9 ||    11
